 Dungeon Crawl Stone Soup version 0.29-a0-397-g846e4a0bbc (webtiles) character file.

Game seed: 3405743339022697909

413 Conn the Firebug (level 6, -2/37 HPs)
             Began as an Octopode Fire Elementalist on May 11, 2022.
             Killed from afar by an orc wizard (10 damage)
             ... with a magic dart
             ... on level 4 of the Dungeon.
             The game lasted 00:12:20 (3119 turns).

Conn the Firebug (Octopode Fire Elementalist)       Turns: 3119, Time: 00:12:21

Health: -2/37      AC:  1    Str:  7    XL:     6   Next: 90%
Magic:  1/11       EV: 13    Int: 20    God:
Gold:   108        SH:  0    Dex: 12    Spells: 3/12 levels left

rFire   . . .      SeeInvis .   k - +1 long sword (freeze)
rCold   . . .      Faith    .   (no shield)
rNeg    . . .      Spirit   .   (helmet restricted)
rPois   .          Reflect  .   i - amulet of regeneration
rElec   .          Harm     .   (no ring)
rCorr   .          Rampage  .   (no ring)
Will    .....                   (no ring)
Stlth   ++++......              (no ring)
HPRegen 0.92/turn               (no ring)
MPRegen 0.12/turn               (no ring)
                                (no ring)
                                (no ring)

@: no status effects
A: almost no armour, amphibious, 8 rings, camouflage 1, gelatinous body 1,
(nimble swimmer 1), tentacles
a: no special abilities


You were on level 4 of the Dungeon.
You visited 1 branch of the dungeon, and saw 4 of its levels.

You collected 108 gold pieces.

Inventory:

Hand Weapons
 b - a +0 dagger
 h - a +0 hunting sling of freezing
 k - a +1 long sword of freezing (weapon)
Magical Staves
 s - a staff of air
Jewellery
 i - an amulet of regeneration (around mantle)
 p - a ring of positive energy
Wands
 m - a wand of paralysis (8)
 o - a wand of flame (20)
Scrolls
 c - a scroll of identify {unknown}
 d - 3 scrolls of teleportation {unknown}
 n - a scroll of summoning {unknown}
 q - a scroll of vulnerability {unknown}
 r - a scroll of amnesia {unknown}
Potions
 a - 2 potions of magic
 e - a potion of mutation {unknown}
 f - a potion of heal wounds {unknown}
 g - a potion of degeneration {unknown}
 j - a potion of attraction {unknown}


   Skills:
 + Level 0.9 Fighting
 + Level 0.4 Long Blades
 + Level 2.1 Dodging
 + Level 4.5 Stealth
 + Level 3.6 Spellcasting
 + Level 2.9 Conjurations
 + Level 4.9 Fire Magic
 + Level 0.9 Evocations


You had 3 spell levels left.
You knew the following spells:

 Your Spells              Type           Power      Damage    Failure   Level
a - Foxfire               Conj/Fire      76%        2x1d7     2%          1
b - Conjure Flame         Conj/Fire      19%        6-21      8%          3
c - Inner Flame           Hex/Fire       13%        N/A       14%         3
d - Scorch                Fire           46%        2d7       2%          2

Your spell library contained the following spells:

 Spells                   Type           Power      Damage    Failure   Level
 Summon Small Mammal      Summ           12%        N/A       14%         1
 Dazzling Flash           Conj/Hex       18%        N/A       22%         3
 Call Canine Familiar     Summ           3%         N/A       38%         3
 Summon Guardian Golem    Hex/Summ       3%         N/A       38%         3
 Flame Wave               Conj/Fire      19%        2d6       26%         4
 Agony                    Necr           3%         N/A       98%         5
 Silence                  Hex/Air        1%         N/A       98%         5


Dungeon Overview and Level Annotations

Branches:
Dungeon (4/15)
 Temple: D:4-7

Altars:
Yredelemnul


Innate Abilities, Weirdness & Mutations

You cannot wear most types of armour.
You are amphibious.
You can wear up to eight rings at the same time.
Your skin changes colour to match your surroundings (Stealth+).
Your rubbery body absorbs attacks. (AC +1, EV +1)
((You are camouflaged when in or above water. (Stealth+)))
You have tentacles for arms and can constrict up to eight enemies at once.


Message History

You barely miss the ball python. Your grab misses the ball python.
The ball python is severely wounded.
The ball python bites you but does no damage.
The ball python constricts you.
You hear some strange, mumbled words.
A puff of flame appears from out of thin air!
The puff of flame misses you.
You slash the ball python!
The ball python seems to slow down.
You freeze the ball python.
You kill the ball python!
You hear some strange, mumbled words.
A magic dart appears from out of thin air!
The magic dart hits you.
* * * LOW HITPOINT WARNING * * *
Casting: Foxfire (safe; 2% risk of failure)
Confirm with . or Enter, or press ? or * to list all spells.
You can't see any susceptible monsters within range! (Use Z to cast anyway.)
Casting: Foxfire (safe; 2% risk of failure)
Confirm with . or Enter, or press ? or * to list all spells.
Flames lash something.
You hear some strange, mumbled words.
A magic dart appears from out of thin air!
The magic dart hits you!
* * * LOW HITPOINT WARNING * * *
Aiming: Throw Flame
Press: ? - help, Shift-Dir - straight line
Okay, then.
You feel better. Something hits you.
* * * LOW HITPOINT WARNING * * *
You feel better. Something hits you.
* * * LOW HITPOINT WARNING * * *
Aiming: Throw Flame
Press: ? - help, Shift-Dir - straight line Something barely misses you.
Aiming: Throw Flame
Press: ? - help, Shift-Dir - straight line You hear some strange, mumbled words.
A magic dart appears from out of thin air!
The magic dart hits you!
You die...

.. .. .##
#.> ..##...
...)...
....... ####
##)...#
.v..# #){..#
....#
##@...#
#ยง.##....##
#....####
##...# #..##
#..# #..#
#### #..#
... #..#
##.##


There were no monsters in sight!

Vanquished Creatures
  A human (D:3)
  Crazy Yiuf (D:2)
  An orc priest (D:4)
  Ijyb (D:3)
  Natasha (twice) (D:3)
  An orc wizard (D:4)
  Robin (D:3)
  4 adders
  An ufetubus (D:4)
  3 dart slugs
  2 orcs
  6 ball pythons
  3 bats
  4 endoplasms
  A giant cockroach (D:1)
  14 goblins
  6 hobgoblins
  5 frilled lizards
  3 kobolds
  A kobold zombie (D:3)
  5 rats
66 creatures vanquished.

Vanquished Creatures (collateral kills)
  A foxfire (D:2)
1 creature vanquished.

Vanquished Creatures (others)
  186 foxfires
  2 fungi (D:2)
188 creatures vanquished.

Grand Total: 255 creatures vanquished

Notes
Turn   | Place    | Note
-------+----------+-------------------------------------------
     0 | D:1      | Conn the Octopode Fire Elementalist began the quest for the
                  | Orb.
     0 | D:1      | Reached XP level 1. HP: 11/11 MP: 3/3
   157 | D:1      | Reached XP level 2. HP: 18/18 MP: 0/5
   728 | D:1      | Found a faded altar of an unknown god.
   732 | D:1      | Reached XP level 3. HP: 22/22 MP: 2/6
   824 | D:1      | You fall into a shaft and drop 1 floor!
  1214 | D:2      | Learned a level 3 spell: Conjure Flame
  1217 | D:2      | Learned a level 2 spell: Scorch
  1219 | D:2      | Found a runed translucent door.
  1220 | D:2      | Noticed Crazy Yiuf
  1564 | D:2      | Killed Crazy Yiuf
  1565 | D:2      | Reached XP level 4. HP: 27/27 MP: 1/7
  1826 | D:3      | Noticed Robin
  2035 | D:3      | Noticed Ijyb
  2041 | D:3      | Paralysed by Ijyb for 4 turns
  2057 | D:3      | Killed Ijyb
  2067 | D:3      | Found a runed translucent door.
  2067 | D:3      | Noticed a human
  2070 | D:3      | Reached XP level 5. HP: 32/32 MP: 1/9
  2154 | D:3      | Found a basalt altar of Yredelemnul.
  2241 | D:3      | Learned a level 3 spell: Inner Flame
  2253 | D:3      | Killed a human
  2254 | D:3      | Reached XP level 6. HP: 37/37 MP: 3/10
  2433 | D:3      | Noticed Natasha
  2436 | D:3      | Killed Natasha
  2676 | D:3      | Noticed Natasha
  2688 | D:3      | Killed Natasha
  2691 | D:3      | Killed Robin
  3119 | D:4      | Killed from afar by an orc wizard

Illustrated notes

Levels and vault maps discovered:
D:1:      tarquinn_simple_flora_water_d, layout_basic,
          hellmonk_ecumenical_altar_zigzags
D:2:      layout_basic, uniq_crazy_yiuf_cottage
D:3:      layout_basic, dk_yredelemnul_ordeal, st_stairs_13, uniq_natasha,
          uniq_robin, uniq_ijyb
D:4:      minmay_angry_zag, layout_layer_cave

Skill      XL: |  1  2  3  4  5 |
---------------+----------------+-----
Stealth        | 3 4 |  4.5
Fire Magic     | 4 |  4.9
Conjurations   | 2 |  2.9
Spellcasting   | 3 |  3.6
Fighting       | |  0.9
Long Blades    | |  0.4
Dodging        | |  2.1
Evocations     | |  0.9

Action                   |  1- 3 |  4- 6 || total
-------------------------+-------+-------++-------
Melee: Unarmed           |     3 |       ||     3
       Dagger            |     3 |       ||     3
       Tentacles         |     2 |     3 ||     5
       Constrict         |     4 |     6 ||    10
       Long sword        |     5 |    32 ||    37
 Cast: Foxfire           |    48 |    58 ||   106
       Conjure Flame     |     1 |       ||     1
       Scorch            |       |     8 ||     8
       Inner Flame       |       |     1 ||     1
Evoke: Wand              |     1 |     9 ||    10
  Use: Potion            |       |     4 ||     4
 Stab: Paralysed         |     1 |     8 ||     9
       Sleeping          |       |     2 ||     2
Armor: Skin              |     2 |     3 ||     5
Dodge: Dodged            |    15 |    30 ||    45

Table legend: (Time is in decaauts)
 A = Elapsed time spent in this place.
 B = Non-inter-level travel time spent in this place.
 C = Inter-level travel time spent in this place.
 D = Time resting spent in this place.
 E = Time spent auto-exploring this place.
 F = Levels seen in this place.
 G = Mean time per level.
                   A        B        C        D        E       F      G
               +--------+--------+--------+--------+--------+-----+--------+
         Total |   3143 |   3044 |     99 |     52 |   2338 |   4 |  785.8 |
       Dungeon |   3143 |   3044 |     99 |     52 |   2338 |   4 |  785.8 |
               +--------+--------+--------+--------+--------+-----+--------+

Top non-repeatable levels by time:
     D:3: 1175 daAuts
     D:1: 977 daAuts
     D:2: 858 daAuts
     D:4: 132 daAuts
